Stars vs Blue Jackets
Created - January 31, 2022 at 19:42
Goals
|
Stars |
2 |
1 |
0 |
3 |
Blue Jackets |
2 |
0 |
0 |
2 |
|
Shots
|
Stars |
20 |
7 |
8 |
35 |
Blue Jackets |
7 |
15 |
11 |
33 |
|
1st period
1. Stars , Cory Emmerton 4 (Scott Kosmachuck 2) at 1:35
2. Stars , Evgeny Grachev 4 (Jussi Jokinen 8, Ian White 10) at 9:05
3. Blue Jackets , Max Pacioretty 7 (Eric Wellwood 7, Cody Hodgson 11) at 10:28
4. Blue Jackets , Nick Leddy 1 (Cody Hodgson 12, Max Pacioretty 9) at 13:25
Penalties :
Martin Havlat (Clb) for Hooking (Minor) at 15:02
2nd period
5. Stars , Alex Chiasson 9 (Jussi Jokinen 9, Evgeny Grachev 8) at 13:04
Penalties :
Max Pacioretty (Clb) for Slashing (Minor) at 0:46, Guillaume Latendresse (Dal) for Tripping (Minor) at 1:38, Andrej Sustr (Dal) for Hooking (Minor) at 5:03, Martin Havlat (Clb) for Hooking (Minor) at 9:40, Michael Grabner (Dal) for Holding (Minor) at 18:49
3rd period
No Goal
Penalties :
Martin Havlat (Clb) for Hooking (Minor) at 1:27
Goalie Stats
Matt Murray (Dal), 31 saves from 33 shots - (0.939), W, 9-8-2, 60:00 minutes
Rick DiPietro (Clb), 32 saves from 35 shots - (0.914), L, 3-6-3, 59:12 minutes
Players Stats for Stars
Player Name G A P +/- PIM S H SB GA TA FO MP PP MP PK MP
------------------------------------------------------------------------------------
Alex Chiasson 1 0 1 1 0 2 1 0 0 0 1/1 17:02 3:11 0:00
Andrej Sustr 0 0 0 0 2 0 2 0 0 0 0/0 21:05 3:03 1:11
Andrew Ladd 0 0 0 0 0 0 0 0 0 1 0/0 12:22 0:56 0:27
Boris Valabik 0 0 0 0 0 3 0 0 0 1 0/0 21:46 3:03 1:51
Brian Lee 0 0 0 0 0 3 0 0 0 1 0/0 25:53 3:18 2:59
Cam Atkinson 0 0 0 0 0 0 2 0 0 1 1/1 10:41 0:00 0:00
Cory Emmerton 1 0 1 0 0 1 0 0 0 0 1/5 8:17 0:00 1:10
Evgeny Grachev 1 1 2 1 0 7 1 1 1 0 7/12 16:58 3:11 0:10
Evgeny Kuznetsov 0 0 0 0 0 2 3 0 0 0 4/8 10:14 0:00 0:00
Guillaume Latendresse 0 0 0 0 2 2 2 0 1 1 1/1 21:08 3:37 2:36
Ian White 0 1 1 0 0 1 2 4 1 1 0/0 25:53 3:18 2:59
Jeremy Morin 0 0 0 0 0 0 0 0 0 0 0/0 6:43 0:00 0:34
John Tavares 0 0 0 0 0 5 0 0 1 0 11/27 22:09 3:38 2:48
Jussi Jokinen 0 2 2 1 0 4 4 0 0 0 0/0 20:00 2:51 1:13
Michael Grabner 0 0 0 0 2 2 1 2 1 0 4/4 20:52 3:02 0:42
Paul Ladue 0 0 0 1 0 1 0 1 0 2 0/0 14:27 0:28 0:40
Scott Kosmachuck 0 1 1 0 0 1 1 0 0 1 0/0 6:09 0:00 0:00
Tyson Barrie 0 0 0 1 0 1 0 0 0 1 0/0 12:21 0:28 0:00
Players Stats for Blue Jackets
Player Name G A P +/- PIM S H SB GA TA FO MP PP MP PK MP
------------------------------------------------------------------------------------
Artemi Panarin 0 0 0 -1 0 2 0 1 0 0 1/2 20:31 2:28 3:56
Brandon Bollig 0 0 0 -1 0 0 0 0 0 0 0/0 11:26 0:01 0:52
Cam Fowler 0 0 0 0 0 1 3 2 0 2 0/0 26:45 2:22 4:21
Cody Hodgson 0 2 2 2 0 6 0 0 2 0 7/12 19:01 2:19 1:58
Dennis Wideman 0 0 0 -1 0 2 0 1 0 0 0/0 12:44 0:00 0:00
Devin Setoguchi 0 0 0 -1 0 3 0 0 0 0 0/0 10:38 0:00 1:06
Emerson Etem 0 0 0 -1 0 1 1 0 0 0 0/0 8:52 0:00 0:00
Eric Wellwood 0 1 1 2 0 5 0 0 1 1 0/1 16:40 2:19 0:00
Martin Havlat 0 0 0 -1 6 1 0 4 0 0 0/0 9:47 0:00 0:00
Max Pacioretty 1 1 2 2 2 5 6 0 0 0 1/1 18:35 2:20 1:48
Mike Lundin 0 0 0 0 0 1 1 1 0 1 0/0 26:45 2:22 4:21
Nick Leddy 1 0 1 0 0 1 0 2 2 1 0/0 20:31 2:28 2:28
Pavel Datsyuk 0 0 0 -1 0 1 1 2 0 0 2/6 10:12 0:12 0:00
Rob Scuderi 0 0 0 0 0 0 0 3 1 0 0/0 20:31 2:28 2:28
Shea Theodore 0 0 0 -1 0 2 0 1 1 0 0/0 12:44 0:00 0:00
Tyler Kennedy 0 0 0 -1 0 1 0 0 2 0 0/0 16:06 2:30 0:00
Tyler Seguin 0 0 0 -1 0 1 2 1 1 0 16/31 21:20 2:21 3:58
Zac Dalpe 0 0 0 -1 0 0 1 1 0 0 2/6 8:52 0:00 0:00
3 Stars
1 - Max Pacioretty (Clb)
2 - Evgeny Grachev (Dal)
3 - Jussi Jokinen (Dal)
Power Play
Stars - 0 on 4 Attempt(s) - 0.00%
Blue Jackets - 0 on 3 Attempt(s) - 0.00%
Penalty Kill
Stars - 3 on 3 Attempt(s) - 100.00%
- Score 0 goal in Penalty Kill
Blue Jackets - 4 on 4 Attempt(s) - 100.00%
- Score 0 goal in Penalty Kill
Team Stat
Stars - Hits : 19 - Faceoff Wins : 30 - Blocked Shots : 8 - Penalty Minutes : 6
Blue Jackets - Hits : 15 - Faceoff Wins : 29 - Blocked Shots : 19 - Penalty Minutes : 8
Official
Referees : Eric Furlatt and Francis Charron
Linesman : Scott Cherrey and Greg Devorski
Game Notes
No Game Note
Finance
Level 1 -- Attendance: 6000 (100.00%) -- Ticket Income $600,000
Level 2 -- Attendance: 5000 (100.00%) -- Ticket Income $300,000
Level 3 -- Attendance: 2000 (100.00%) -- Ticket Income $70,000
Level 4 -- Attendance: 3783 (94.58%) -- Ticket Income $94,575
Luxury Box -- Attendance: 947 (94.70%) -- Ticket Income $189,400
Game was played at the Nationwide arena.
Total Attendance: 17730 (98.50%)
Total Ticket Income: $1,253,975
Other Income: $188,096
Total Income: $1,442,071
Stars
5 vs 5 Forward
Center Left Wing Right Wing Time % Phy DF OF
1 John Tavares Guillaume Latendresse Michael Grabner 40 1 2 2
2 Evgeny Grachev Jussi Jokinen Alex Chiasson 30 1 2 2
3 Evgeny Kuznetsov Andrew Ladd Cam Atkinson 20 1 2 2
4 Cory Emmerton Jeremy Morin Scott Kosmachuck 10 1 2 2
5 vs 5 Defense
Defense Defense Time % Phy DF OF
1 Ian White Brian Lee 40 1 2 2
2 Boris Valabik Andrej Sustr 30 1 2 2
3 Tyson Barrie Paul Ladue 20 1 2 2
4 Ian White Brian Lee 10 1 2 2
PowerPlay Forward
Center Left Wing Right Wing Time % Phy DF OF
1 John Tavares Guillaume Latendresse Michael Grabner 60 0 2 3
2 Evgeny Grachev Jussi Jokinen Alex Chiasson 40 0 2 3
PowerPlay Defense
Defense Defense Time % Phy DF OF
1 Ian White Brian Lee 60 0 2 3
2 Boris Valabik Andrej Sustr 40 0 2 3
Penalty Kill 4 Players Forward
Center Wing Time % Phy DF OF
1 John Tavares Guillaume Latendresse 60 0 3 2
2 Michael Grabner Jussi Jokinen 40 0 3 2
Penalty Kill 4 Players Defense
Defense Defense Time % Phy DF OF
1 Ian White Brian Lee 60 0 3 2
2 Boris Valabik Andrej Sustr 40 0 3 2
Penalty Kill - 3 Players Forward
Forward Time % Phy DF OF
1 John Tavares 60 0 3 2
2 Guillaume Latendresse 40 0 3 2
Penalty Kill - 3 Players Defense
Defense Defense Time % Phy DF OF
1 Ian White Brian Lee 60 0 3 2
2 Boris Valabik Andrej Sustr 40 0 3 2
4 vs 4 Forward
Center Wing Time % Phy DF OF
1 John Tavares Guillaume Latendresse 60 0 2 3
2 Michael Grabner Jussi Jokinen 40 0 2 3
4 vs 4 Defense
Defense Defense Time % Phy DF OF
1 Ian White Brian Lee 60 1 2 2
2 Boris Valabik Andrej Sustr 40 1 2 2
Last Minutes Offensive
Center Left Wing Right Wing Defense Defense
John Tavares Guillaume Latendresse Michael Grabner Ian White Brian Lee
Last Minutes Defensive
Center Left Wing Right Wing Defense Defense
John Tavares Guillaume Latendresse Michael Grabner Ian White Brian Lee
Goaltenders
Starting : Matt Murray
Backup : Braden Holtby
Extra Forwards
Normal : Andrew Ladd, Cam Atkinson, Cory Emmerton - PP : Andrew Ladd, Cam Atkinson - PK : Cory Emmerton
Extra Defensemen
Normal : Tyson Barrie, Paul Ladue, Boris Valabik - PP : Tyson Barrie - PK : Paul Ladue, Boris Valabik
Penalty Shots
John Tavares, Guillaume Latendresse, Michael Grabner, Jussi Jokinen, Alex Chiasson
Scratches
Tyler Brenner (Healthy)
Blue Jackets
5 vs 5 Forward
Center Left Wing Right Wing Time % Phy DF OF
1 Tyler Seguin Artemi Panarin Tyler Kennedy 40 1 2 2
2 Cody Hodgson Max Pacioretty Eric Wellwood 30 1 2 2
3 Pavel Datsyuk Brandon Bollig Devin Setoguchi 20 1 2 2
4 Zac Dalpe Emerson Etem Martin Havlat 10 1 2 2
5 vs 5 Defense
Defense Defense Time % Phy DF OF
1 Cam Fowler Mike Lundin 40 1 2 2
2 Nick Leddy Rob Scuderi 30 1 2 2
3 Dennis Wideman Shea Theodore 20 1 2 2
4 Cam Fowler Mike Lundin 10 1 2 2
PowerPlay Forward
Center Left Wing Right Wing Time % Phy DF OF
1 Tyler Seguin Artemi Panarin Tyler Kennedy 60 1 2 2
2 Cody Hodgson Max Pacioretty Eric Wellwood 40 1 2 2
PowerPlay Defense
Defense Defense Time % Phy DF OF
1 Cam Fowler Mike Lundin 60 1 2 2
2 Nick Leddy Rob Scuderi 40 1 2 2
Penalty Kill 4 Players Forward
Center Wing Time % Phy DF OF
1 Tyler Seguin Artemi Panarin 60 1 2 2
2 Cody Hodgson Max Pacioretty 40 1 2 2
Penalty Kill 4 Players Defense
Defense Defense Time % Phy DF OF
1 Cam Fowler Mike Lundin 60 1 2 2
2 Nick Leddy Rob Scuderi 40 1 2 2
Penalty Kill - 3 Players Forward
Forward Time % Phy DF OF
1 Tyler Seguin 60 1 2 2
2 Artemi Panarin 40 1 2 2
Penalty Kill - 3 Players Defense
Defense Defense Time % Phy DF OF
1 Cam Fowler Mike Lundin 60 1 2 2
2 Nick Leddy Rob Scuderi 40 1 2 2
4 vs 4 Forward
Center Wing Time % Phy DF OF
1 Tyler Seguin Artemi Panarin 60 1 2 2
2 Cody Hodgson Max Pacioretty 40 1 2 2
4 vs 4 Defense
Defense Defense Time % Phy DF OF
1 Cam Fowler Mike Lundin 60 1 2 2
2 Nick Leddy Rob Scuderi 40 1 2 2
Last Minutes Offensive
Center Left Wing Right Wing Defense Defense
Tyler Seguin Artemi Panarin Tyler Kennedy Cam Fowler Mike Lundin
Last Minutes Defensive
Center Left Wing Right Wing Defense Defense
Tyler Seguin Artemi Panarin Tyler Kennedy Cam Fowler Mike Lundin
Goaltenders
Starting : Rick DiPietro
Backup : Andrei Vasilevskiy
Extra Forwards
Normal : Pavel Datsyuk, Brandon Bollig, Devin Setoguchi - PP : Pavel Datsyuk, Brandon Bollig - PK : Devin Setoguchi
Extra Defensemen
Normal : Dennis Wideman, Shea Theodore, Nick Leddy - PP : Dennis Wideman - PK : Shea Theodore, Nick Leddy
Penalty Shots
Tyler Seguin, Artemi Panarin, Cody Hodgson, Max Pacioretty, Pavel Datsyuk
Scratches
Andreas Nodl (Healthy), Ryan Wilson (Healthy)
% Time on Ice - Stars
Lines # - Real PCT - Wanted PCT - Time Play
Normal Forward
1 - 31% - 40% - 14:18
2 - 34% - 30% - 15:56
3 - 22% - 20% - 10:14
4 - 13% - 10% - 6:09
Normal Defense
1 - 37% - 40% - 17:02
2 - 36% - 30% - 16:36
3 - 24% - 20% - 11:07
4 - 4% - 10% - 1:52
PP Forward
1 - 53% - 60% - 3:38
2 - 47% - 40% - 3:11
PP Defense
1 - 55% - 60% - 3:46
2 - 45% - 40% - 3:03
PK Forward
1 - 75% - 60% - 3:37
2 - 25% - 40% - 1:13
PK Defense
1 - 62% - 60% - 2:59
2 - 38% - 40% - 1:51
PK3 Forward
1 - 0% - 60%
2 - 0% - 40%
PK3 Defense
1 - 0% - 60%
2 - 0% - 40%
44 Forward
1 - 100% - 60% - 1:07
2 - 0% - 40% - 0:00
44 Defense
1 - 76% - 60% - 0:51
2 - 24% - 40% - 0:16
Last Minute Offensive - 0:00
Last Minute Defensive - 0:37
Total
Forward - 60:00
Defense - 60:00
|
% Time on Ice - Blue Jackets
Lines # - Real PCT - Wanted PCT - Time Play
Normal Forward
1 - 30% - 40% - 13:50
2 - 31% - 30% - 14:28
3 - 20% - 20% - 9:27
4 - 19% - 10% - 8:52
Normal Defense
1 - 37% - 40% - 17:10
2 - 32% - 30% - 15:00
3 - 27% - 20% - 12:44
4 - 4% - 10% - 1:43
PP Forward
1 - 52% - 60% - 2:31
2 - 48% - 40% - 2:19
PP Defense
1 - 49% - 60% - 2:22
2 - 51% - 40% - 2:28
PK Forward
1 - 71% - 60% - 4:51
2 - 29% - 40% - 1:58
PK Defense
1 - 64% - 60% - 4:21
2 - 36% - 40% - 2:28
PK3 Forward
1 - 0% - 60%
2 - 0% - 40%
PK3 Defense
1 - 0% - 60%
2 - 0% - 40%
44 Forward
1 - 76% - 60% - 0:51
2 - 24% - 40% - 0:16
44 Defense
1 - 48% - 60% - 0:32
2 - 52% - 40% - 0:35
Last Minute Offensive - 0:37
Last Minute Defensive - 0:00
Total
Forward - 60:00
Defense - 60:00
|
Play-by-Play
1st period
0:01 of 1st period - Michael Grabner wins face-off versus Tyler Seguin in neutral zone.
0:09 of 1st period - Icing by Mike Lundin.
0:10 of 1st period - Tyler Seguin wins face-off versus John Tavares in Blue Jackets zone.
0:23 of 1st period - Snap shot by Michael Grabner.
0:23 of 1st period - Shot Blocked by Cam Fowler.
0:31 of 1st period - Snap shot by Michael Grabner.
0:31 of 1st period - Stopped by Rick DiPietro with a rebound.
0:33 of 1st period - Wrist shot by Guillaume Latendresse.
0:33 of 1st period - Shot Misses the Net.
0:45 of 1st period - Wrist shot by Michael Grabner.
0:45 of 1st period - Stopped by Rick DiPietro without a rebound.
0:46 of 1st period - Evgeny Grachev wins face-off versus Cody Hodgson in Blue Jackets zone.
1:13 of 1st period - Nick Leddy is hit by Cam Atkinson and loses puck.
1:35 of 1st period - Snap shot by Scott Kosmachuck.
1:35 of 1st period - Deflect By Cory Emmerton.
1:35 of 1st period - Goal by Cory Emmerton - Stars : 1 - Blue Jackets : 0.
1:36 of 1st period - Alex Chiasson wins face-off versus Cody Hodgson in neutral zone.
1:50 of 1st period - Snap shot by Cody Hodgson.
1:50 of 1st period - Stopped by Matt Murray without a rebound.
1:51 of 1st period - Pavel Datsyuk wins face-off versus Cory Emmerton in Stars zone.
2:50 of 1st period - Snap shot by Cody Hodgson.
2:50 of 1st period - Shot Misses the Net.
3:06 of 1st period - Slapshot by Jussi Jokinen.
3:06 of 1st period - Shot Misses the Net.
3:08 of 1st period - Slapshot by Paul Ladue.
3:08 of 1st period - Stopped by Rick DiPietro with a rebound.
3:10 of 1st period - Slapshot by Paul Ladue.
3:10 of 1st period - Deflect By Jussi Jokinen.
3:10 of 1st period - Stopped by Rick DiPietro without a rebound.
3:11 of 1st period - Evgeny Kuznetsov wins face-off versus Tyler Seguin in Blue Jackets zone.
3:12 of 1st period - Wrist shot by Cam Atkinson.
3:12 of 1st period - Deflect By Evgeny Kuznetsov.
3:12 of 1st period - Stopped by Rick DiPietro with a rebound.
3:26 of 1st period - Wrist shot by Evgeny Kuznetsov.
3:26 of 1st period - Shot Misses the Net.
3:36 of 1st period - Michael Grabner is hit by Max Pacioretty and loses puck.
3:57 of 1st period - Michael Grabner is hit by Cam Fowler and loses puck.
4:11 of 1st period - Snap shot by John Tavares.
4:11 of 1st period - Stopped by Rick DiPietro without a rebound.
4:12 of 1st period - Evgeny Grachev wins face-off versus Tyler Seguin in Blue Jackets zone.
4:19 of 1st period - Slapshot by Evgeny Grachev.
4:19 of 1st period - Stopped by Rick DiPietro without a rebound.
4:20 of 1st period - Tyler Seguin wins face-off versus Evgeny Grachev in Blue Jackets zone.
4:39 of 1st period - Wrist shot by Evgeny Grachev.
4:39 of 1st period - Deflect By Jussi Jokinen.
4:39 of 1st period - Shot Blocked by Dennis Wideman.
4:39 of 1st period - Puck is out of play.
4:40 of 1st period - John Tavares wins face-off versus Pavel Datsyuk in Blue Jackets zone.
4:47 of 1st period - Snap shot by John Tavares.
4:47 of 1st period - Stopped by Rick DiPietro with a rebound.
5:07 of 1st period - Cam Fowler is hit by Cam Atkinson.
5:15 of 1st period - Slapshot by Mike Lundin.
5:15 of 1st period - Shot Blocked by Ian White.
5:23 of 1st period - Snap shot by Pavel Datsyuk.
5:23 of 1st period - Shot Blocked by Ian White.
6:21 of 1st period - Slapshot by John Tavares.
6:21 of 1st period - Shot Blocked by Mike Lundin.
6:23 of 1st period - Slapshot by Boris Valabik.
6:23 of 1st period - Stopped by Rick DiPietro with a rebound.
6:25 of 1st period - Snap shot by Boris Valabik.
6:25 of 1st period - Stopped by Rick DiPietro with a rebound.
7:23 of 1st period - Brian Lee is hit by Max Pacioretty and loses puck.
7:53 of 1st period - Icing by Emerson Etem.
7:54 of 1st period - Evgeny Grachev wins face-off versus Zac Dalpe in Blue Jackets zone.
8:55 of 1st period - Wrist shot by Evgeny Kuznetsov.
8:55 of 1st period - Stopped by Rick DiPietro without a rebound.
8:56 of 1st period - Artemi Panarin wins face-off versus Evgeny Grachev in Blue Jackets zone.
9:05 of 1st period - Slapshot by Evgeny Grachev.
9:05 of 1st period - Goal by Evgeny Grachev - Stars : 2 - Blue Jackets : 0.
9:06 of 1st period - John Tavares wins face-off versus Tyler Seguin in neutral zone.
9:36 of 1st period - Snap shot by Evgeny Grachev.
9:36 of 1st period - Deflect By Jussi Jokinen.
9:36 of 1st period - Stopped by Rick DiPietro without a rebound.
9:37 of 1st period - Cody Hodgson wins face-off versus Evgeny Grachev in Blue Jackets zone.
10:24 of 1st period - Slapshot by Eric Wellwood.
10:24 of 1st period - Shot Misses the Net.
10:26 of 1st period - Snap shot by Max Pacioretty.
10:26 of 1st period - Shot Misses the Net.
10:28 of 1st period - Wrist shot by Max Pacioretty.
10:28 of 1st period - Goal by Max Pacioretty - Stars : 2 - Blue Jackets : 1.
10:29 of 1st period - Tyler Seguin wins face-off versus John Tavares in neutral zone.
10:32 of 1st period - Snap shot by Tyler Kennedy.
10:32 of 1st period - Shot Misses the Net.
10:44 of 1st period - Slapshot by Artemi Panarin.
10:44 of 1st period - Stopped by Matt Murray with a rebound.
11:04 of 1st period - Icing by Andrew Ladd.
11:05 of 1st period - Cam Atkinson wins face-off versus Pavel Datsyuk in Stars zone.
11:10 of 1st period - Slapshot by Ian White.
11:10 of 1st period - Deflect By Cam Atkinson.
11:10 of 1st period - Shot Blocked by Pavel Datsyuk.
11:10 of 1st period - Puck is out of play.
11:11 of 1st period - John Tavares wins face-off versus Pavel Datsyuk in Blue Jackets zone.
12:19 of 1st period - Wrist shot by Evgeny Grachev.
12:19 of 1st period - Stopped by Rick DiPietro with a rebound.
12:21 of 1st period - Snap shot by Evgeny Grachev.
12:21 of 1st period - Stopped by Rick DiPietro with a rebound.
12:23 of 1st period - Wrist shot by Tyson Barrie.
12:23 of 1st period - Shot Blocked by Martin Havlat.
12:25 of 1st period - Wrist shot by Jussi Jokinen.
12:25 of 1st period - Shot Blocked by Martin Havlat.
12:27 of 1st period - Snap shot by Evgeny Grachev.
12:27 of 1st period - Shot Misses the Net.
12:45 of 1st period - Slapshot by Brian Lee.
12:45 of 1st period - Shot Misses the Net.
12:47 of 1st period - Slapshot by Ian White.
12:47 of 1st period - Stopped by Rick DiPietro with a rebound.
13:06 of 1st period - Shea Theodore is hit by Evgeny Kuznetsov and loses puck.
13:21 of 1st period - Snap shot by Cody Hodgson.
13:21 of 1st period - Shot Misses the Net.
13:23 of 1st period - Wrist shot by Cody Hodgson.
13:23 of 1st period - Shot Misses the Net.
13:25 of 1st period - Wrist shot by Nick Leddy.
13:25 of 1st period - Goal by Nick Leddy - Stars : 2 - Blue Jackets : 2.
13:26 of 1st period - Tyler Seguin wins face-off versus John Tavares in neutral zone.
14:41 of 1st period - Snap shot by Artemi Panarin.
14:41 of 1st period - Shot Misses the Net.
14:43 of 1st period - Wrist shot by Artemi Panarin.
14:43 of 1st period - Shot Misses the Net.
15:02 of 1st period - Minor Penalty to Martin Havlat for Hooking.
15:03 of 1st period - Tyler Seguin wins face-off versus John Tavares in Blue Jackets zone.
15:14 of 1st period - Slapshot by Michael Grabner.
15:14 of 1st period - Shot Misses the Net.
17:02 of 1st period - Penalty to Martin Havlat is over, Martin Havlat is back on ice.
17:43 of 1st period - Snap shot by Alex Chiasson.
17:43 of 1st period - Shot Misses the Net.
17:45 of 1st period - Backhand shot by Evgeny Grachev.
17:45 of 1st period - Stopped by Rick DiPietro with a rebound.
17:47 of 1st period - Slapshot by Evgeny Grachev.
17:47 of 1st period - Stopped by Rick DiPietro without a rebound.
17:48 of 1st period - Cody Hodgson wins face-off versus John Tavares in Blue Jackets zone.
17:53 of 1st period - Slapshot by Cody Hodgson.
17:53 of 1st period - Stopped by Matt Murray without a rebound.
17:54 of 1st period - Cody Hodgson wins face-off versus John Tavares in Stars zone.
17:57 of 1st period - Snap shot by Max Pacioretty.
17:57 of 1st period - Stopped by Matt Murray without a rebound.
17:58 of 1st period - Cody Hodgson wins face-off versus John Tavares in Stars zone.
18:11 of 1st period - Eric Wellwood is hit by Guillaume Latendresse and loses puck.
18:57 of 1st period - Snap shot by John Tavares.
18:57 of 1st period - Stopped by Rick DiPietro without a rebound.
18:58 of 1st period - Tyler Seguin wins face-off versus Evgeny Kuznetsov in Blue Jackets zone.
19:25 of 1st period - Andrew Ladd is hit by Cam Fowler and loses puck.
19:56 of 1st period - Slapshot by Mike Lundin.
19:56 of 1st period - Deflect By Devin Setoguchi.
19:56 of 1st period - Stopped by Matt Murray with a rebound.
19:58 of 1st period - Snap shot by Devin Setoguchi.
19:58 of 1st period - Shot Misses the Net.
Goals for this period are 2 for Stars vs 2 for Blue Jackets.
Shots for this period are 20 for Stars vs 7 for Blue Jackets.
2nd period
0:01 of 2nd period - Tyler Seguin wins face-off versus John Tavares in neutral zone.
0:26 of 2nd period - Pavel Datsyuk is hit by Jussi Jokinen and loses puck.
0:35 of 2nd period - Devin Setoguchi is hit by Evgeny Grachev.
0:46 of 2nd period - Minor Penalty to Max Pacioretty for Slashing.
0:47 of 2nd period - Tyler Seguin wins face-off versus John Tavares in Blue Jackets zone.
1:24 of 2nd period - Snap shot by Evgeny Grachev.
1:24 of 2nd period - Shot Blocked by Tyler Seguin.
1:36 of 2nd period - Snap shot by Devin Setoguchi.
1:36 of 2nd period - Stopped by Matt Murray with a rebound.
1:38 of 2nd period - Minor Penalty to Guillaume Latendresse for Tripping.
1:39 of 2nd period - John Tavares wins face-off versus Tyler Seguin in Stars zone.
2:46 of 2nd period - Penalty to Max Pacioretty is over, Max Pacioretty is back on ice.
2:54 of 2nd period - Rob Scuderi is hit by Andrej Sustr and loses puck.
3:38 of 2nd period - Penalty to Guillaume Latendresse is over, Guillaume Latendresse is back on ice.
4:15 of 2nd period - Icing by Tyson Barrie.
4:16 of 2nd period - Zac Dalpe wins face-off versus Evgeny Kuznetsov in Stars zone.
4:19 of 2nd period - Slapshot by Emerson Etem.
4:19 of 2nd period - Shot Misses the Net.
4:21 of 2nd period - Slapshot by Shea Theodore.
4:21 of 2nd period - Stopped by Matt Murray with a rebound.
4:23 of 2nd period - Snap shot by Eric Wellwood.
4:23 of 2nd period - Stopped by Matt Murray without a rebound.
4:24 of 2nd period - Cody Hodgson wins face-off versus John Tavares in Stars zone.
4:25 of 2nd period - Wrist shot by Max Pacioretty.
4:25 of 2nd period - Shot Misses the Net.
4:27 of 2nd period - Snap shot by Cody Hodgson.
4:27 of 2nd period - Stopped by Matt Murray with a rebound.
4:29 of 2nd period - Snap shot by Cody Hodgson.
4:29 of 2nd period - Deflect By Eric Wellwood.
4:29 of 2nd period - Stopped by Matt Murray with a rebound.
4:31 of 2nd period - Wrist shot by Cody Hodgson.
4:31 of 2nd period - Deflect By Max Pacioretty.
4:31 of 2nd period - Stopped by Matt Murray with a rebound.
4:33 of 2nd period - Slapshot by Dennis Wideman.
4:33 of 2nd period - Stopped by Matt Murray without a rebound.
4:34 of 2nd period - Tyler Seguin wins face-off versus John Tavares in Stars zone.
4:51 of 2nd period - Snap shot by Artemi Panarin.
4:51 of 2nd period - Stopped by Matt Murray without a rebound.
4:52 of 2nd period - Cody Hodgson wins face-off versus Evgeny Grachev in Stars zone.
4:55 of 2nd period - Snap shot by Cody Hodgson.
4:55 of 2nd period - Stopped by Matt Murray without a rebound.
4:56 of 2nd period - Evgeny Grachev wins face-off versus Cody Hodgson in Stars zone.
4:56 of 2nd period - Evgeny Grachev is hit by Max Pacioretty.
5:03 of 2nd period - Minor Penalty to Andrej Sustr for Hooking.
5:04 of 2nd period - Tyler Seguin wins face-off versus John Tavares in Stars zone.
5:54 of 2nd period - Icing by Artemi Panarin.
5:55 of 2nd period - John Tavares wins face-off versus Tyler Seguin in Blue Jackets zone.
6:10 of 2nd period - Slapshot by Jussi Jokinen.
6:10 of 2nd period - Stopped by Rick DiPietro with a rebound.
6:22 of 2nd period - Slapshot by Michael Grabner.
6:22 of 2nd period - Shot Misses the Net.
7:03 of 2nd period - Penalty to Andrej Sustr is over, Andrej Sustr is back on ice.
7:21 of 2nd period - Wrist shot by Emerson Etem.
7:21 of 2nd period - Shot Misses the Net.
7:55 of 2nd period - Jussi Jokinen is hit by Pavel Datsyuk and loses puck.
8:38 of 2nd period - Backhand shot by Shea Theodore.
8:38 of 2nd period - Shot Blocked by Michael Grabner.
8:40 of 2nd period - Slapshot by Brandon Bollig.
8:40 of 2nd period - Shot Misses the Net.
8:42 of 2nd period - Backhand shot by Shea Theodore.
8:42 of 2nd period - Stopped by Matt Murray without a rebound.
8:43 of 2nd period - Tyler Seguin wins face-off versus Evgeny Kuznetsov in Stars zone.
9:00 of 2nd period - Snap shot by Artemi Panarin.
9:00 of 2nd period - Shot Misses the Net.
9:10 of 2nd period - Ian White is hit by Max Pacioretty and loses puck.
9:40 of 2nd period - Minor Penalty to Martin Havlat for Hooking.
9:41 of 2nd period - John Tavares wins face-off versus Tyler Seguin in Blue Jackets zone.
9:42 of 2nd period - Wrist shot by Andrew Ladd.
9:42 of 2nd period - Shot Misses the Net.
9:44 of 2nd period - Wrist shot by John Tavares.
9:44 of 2nd period - Shot Misses the Net.
9:46 of 2nd period - Slapshot by Guillaume Latendresse.
9:46 of 2nd period - Stopped by Rick DiPietro without a rebound.
9:47 of 2nd period - Tyler Seguin wins face-off versus John Tavares in Blue Jackets zone.
11:40 of 2nd period - Penalty to Martin Havlat is over, Martin Havlat is back on ice.
11:54 of 2nd period - Wrist shot by Martin Havlat.
11:54 of 2nd period - Stopped by Matt Murray without a rebound.
11:55 of 2nd period - Zac Dalpe wins face-off versus Cory Emmerton in Stars zone.
11:56 of 2nd period - Backhand shot by Emerson Etem.
11:56 of 2nd period - Stopped by Matt Murray without a rebound.
11:57 of 2nd period - Cory Emmerton wins face-off versus Zac Dalpe in Stars zone.
12:02 of 2nd period - Slapshot by Jeremy Morin.
12:02 of 2nd period - Shot Misses the Net.
12:04 of 2nd period - Wrist shot by Tyson Barrie.
12:04 of 2nd period - Stopped by Rick DiPietro without a rebound.
12:05 of 2nd period - Tyler Seguin wins face-off versus Cory Emmerton in Blue Jackets zone.
12:05 of 2nd period - Tyler Seguin is hit by Scott Kosmachuck.
12:41 of 2nd period - Cody Hodgson is hit by Guillaume Latendresse and loses puck.
13:04 of 2nd period - Slapshot by Alex Chiasson.
13:04 of 2nd period - Goal by Alex Chiasson - Stars : 3 - Blue Jackets : 2.
13:05 of 2nd period - John Tavares wins face-off versus Tyler Seguin in neutral zone.
13:14 of 2nd period - Snap shot by Tyler Kennedy.
13:14 of 2nd period - Stopped by Matt Murray with a rebound.
13:16 of 2nd period - Wrist shot by Cam Fowler.
13:16 of 2nd period - Shot Blocked by Michael Grabner.
13:20 of 2nd period - Snap shot by Artemi Panarin.
13:20 of 2nd period - Shot Blocked by Ian White.
13:22 of 2nd period - Snap shot by Tyler Seguin.
13:22 of 2nd period - Shot Misses the Net.
13:32 of 2nd period - Cam Fowler is hit by Ian White and loses puck.
14:54 of 2nd period - Andrej Sustr is hit by Zac Dalpe and loses puck.
15:03 of 2nd period - Snap shot by Michael Grabner.
15:03 of 2nd period - Shot Misses the Net.
15:05 of 2nd period - Wrist shot by Boris Valabik.
15:05 of 2nd period - Shot Misses the Net.
15:19 of 2nd period - Snap shot by John Tavares.
15:19 of 2nd period - Deflect By Guillaume Latendresse.
15:19 of 2nd period - Stopped by Rick DiPietro with a rebound.
15:29 of 2nd period - Wrist shot by Michael Grabner.
15:29 of 2nd period - Shot Blocked by Zac Dalpe.
15:31 of 2nd period - Slapshot by Tyson Barrie.
15:31 of 2nd period - Shot Blocked by Rob Scuderi.
15:33 of 2nd period - Slapshot by Paul Ladue.
15:33 of 2nd period - Shot Blocked by Martin Havlat.
15:35 of 2nd period - Snap shot by Guillaume Latendresse.
15:35 of 2nd period - Shot Misses the Net.
15:49 of 2nd period - Icing by Martin Havlat.
15:50 of 2nd period - Evgeny Grachev wins face-off versus Zac Dalpe in Blue Jackets zone.
15:56 of 2nd period - Off-side.
15:57 of 2nd period - Evgeny Grachev wins face-off versus Tyler Seguin in neutral zone.
16:00 of 2nd period - Artemi Panarin is hit by Jussi Jokinen and loses puck.
16:07 of 2nd period - Snap shot by Alex Chiasson.
16:07 of 2nd period - Shot Blocked by Shea Theodore.
16:09 of 2nd period - Slapshot by Brian Lee.
16:09 of 2nd period - Shot Blocked by Artemi Panarin.
16:11 of 2nd period - Snap shot by Brian Lee.
16:11 of 2nd period - Stopped by Rick DiPietro with a rebound.
16:13 of 2nd period - Snap shot by Jussi Jokinen.
16:13 of 2nd period - Stopped by Rick DiPietro with a rebound.
17:18 of 2nd period - Evgeny Grachev is hit by Max Pacioretty and loses puck.
17:50 of 2nd period - Icing by Mike Lundin.
17:51 of 2nd period - Pavel Datsyuk wins face-off versus John Tavares in Blue Jackets zone.
18:02 of 2nd period - Snap shot by Pavel Datsyuk.
18:02 of 2nd period - Stopped by Matt Murray with a rebound.
18:06 of 2nd period - Wrist shot by Devin Setoguchi.
18:06 of 2nd period - Stopped by Matt Murray without a rebound.
18:07 of 2nd period - Evgeny Kuznetsov wins face-off versus Cody Hodgson in Stars zone.
18:07 of 2nd period - Evgeny Kuznetsov is hit by Max Pacioretty.
18:23 of 2nd period - Snap shot by Max Pacioretty.
18:23 of 2nd period - Shot Misses the Net.
18:38 of 2nd period - Snap shot by John Tavares.
18:38 of 2nd period - Deflect By Mike Lundin.
18:38 of 2nd period - Shot Blocked by Cam Fowler.
18:38 of 2nd period - Puck is out of play.
18:39 of 2nd period - John Tavares wins face-off versus Artemi Panarin in Blue Jackets zone.
18:49 of 2nd period - Minor Penalty to Michael Grabner for Holding.
18:50 of 2nd period - John Tavares wins face-off versus Tyler Seguin in Stars zone.
19:04 of 2nd period - Brian Lee is hit by Tyler Seguin and loses puck.
19:27 of 2nd period - Snap shot by Eric Wellwood.
19:27 of 2nd period - Shot Blocked by Ian White.
Goals for this period are 1 for Stars vs 0 for Blue Jackets.
Shots for this period are 7 for Stars vs 15 for Blue Jackets.
3rd period
0:01 of 3rd period - Tyler Seguin wins face-off versus John Tavares in neutral zone.
0:09 of 3rd period - Snap shot by Artemi Panarin.
0:09 of 3rd period - Shot Misses the Net.
0:49 of 3rd period - Penalty to Michael Grabner is over, Michael Grabner is back on ice.
1:27 of 3rd period - Minor Penalty to Martin Havlat for Hooking.
1:28 of 3rd period - Tyler Seguin wins face-off versus John Tavares in Blue Jackets zone.
1:28 of 3rd period - Tyler Seguin is hit by Michael Grabner.
2:03 of 3rd period - Wrist shot by Artemi Panarin.
2:03 of 3rd period - Deflect By Max Pacioretty.
2:03 of 3rd period - Stopped by Matt Murray without a rebound.
2:04 of 3rd period - Michael Grabner wins face-off versus Cody Hodgson in Stars zone.
2:30 of 3rd period - Tyler Seguin is hit by Jussi Jokinen and loses puck.
3:19 of 3rd period - Cam Fowler is hit by Alex Chiasson.
3:27 of 3rd period - Penalty to Martin Havlat is over, Martin Havlat is back on ice.
3:45 of 3rd period - Snap shot by Zac Dalpe.
3:45 of 3rd period - Shot Misses the Net.
3:47 of 3rd period - Snap shot by Dennis Wideman.
3:47 of 3rd period - Stopped by Matt Murray without a rebound.
3:48 of 3rd period - Max Pacioretty wins face-off versus Cory Emmerton in Stars zone.
4:03 of 3rd period - Snap shot by Cody Hodgson.
4:03 of 3rd period - Stopped by Matt Murray without a rebound.
4:04 of 3rd period - Michael Grabner wins face-off versus Tyler Seguin in Stars zone.
4:31 of 3rd period - Max Pacioretty is hit by Jussi Jokinen and loses puck.
5:44 of 3rd period - Snap shot by John Tavares.
5:44 of 3rd period - Stopped by Rick DiPietro with a rebound.
7:04 of 3rd period - Slapshot by Scott Kosmachuck.
7:04 of 3rd period - Shot Blocked by Martin Havlat.
7:06 of 3rd period - Snap shot by Cory Emmerton.
7:06 of 3rd period - Shot Blocked by Nick Leddy.
7:20 of 3rd period - Pavel Datsyuk is hit by Ian White and loses puck.
7:42 of 3rd period - Off-side.
7:43 of 3rd period - Cody Hodgson wins face-off versus Evgeny Kuznetsov in neutral zone.
7:51 of 3rd period - Icing by Shea Theodore.
7:52 of 3rd period - Guillaume Latendresse wins face-off versus Eric Wellwood in Blue Jackets zone.
8:07 of 3rd period - Slapshot by Boris Valabik.
8:07 of 3rd period - Stopped by Rick DiPietro with a rebound.
8:09 of 3rd period - Snap shot by John Tavares.
8:09 of 3rd period - Stopped by Rick DiPietro with a rebound.
8:24 of 3rd period - Icing by Jussi Jokinen.
8:25 of 3rd period - Tyler Seguin wins face-off versus Evgeny Grachev in Stars zone.
9:18 of 3rd period - Snap shot by Cam Atkinson.
9:18 of 3rd period - Shot Blocked by Pavel Datsyuk.
9:32 of 3rd period - Jeremy Morin is hit by Emerson Etem and loses puck.
10:03 of 3rd period - Wrist shot by Evgeny Grachev.
10:03 of 3rd period - Stopped by Rick DiPietro with a rebound.
10:34 of 3rd period - Off-side.
10:35 of 3rd period - Evgeny Grachev wins face-off versus Zac Dalpe in neutral zone.
10:46 of 3rd period - Snap shot by Alex Chiasson.
10:46 of 3rd period - Stopped by Rick DiPietro with a rebound.
11:02 of 3rd period - Tyler Kennedy is hit by Evgeny Kuznetsov and loses puck.
12:12 of 3rd period - Ian White is hit by Mike Lundin and loses puck.
12:39 of 3rd period - Snap shot by Tyler Seguin.
12:39 of 3rd period - Shot Blocked by Paul Ladue.
12:41 of 3rd period - Snap shot by Mike Lundin.
12:41 of 3rd period - Deflect By Cam Atkinson.
12:41 of 3rd period - Stopped by Matt Murray with a rebound.
13:40 of 3rd period - Slapshot by Cory Emmerton.
13:40 of 3rd period - Shot Blocked by Nick Leddy.
13:42 of 3rd period - Slapshot by Andrej Sustr.
13:42 of 3rd period - Shot Blocked by Rob Scuderi.
13:44 of 3rd period - Snap shot by Scott Kosmachuck.
13:44 of 3rd period - Stopped by Rick DiPietro without a rebound.
13:45 of 3rd period - John Tavares wins face-off versus Tyler Seguin in Blue Jackets zone.
14:19 of 3rd period - Snap shot by Brian Lee.
14:19 of 3rd period - Stopped by Rick DiPietro with a rebound.
14:21 of 3rd period - Backhand shot by Brian Lee.
14:21 of 3rd period - Stopped by Rick DiPietro with a rebound.
15:02 of 3rd period - Snap shot by Max Pacioretty.
15:02 of 3rd period - Stopped by Matt Murray with a rebound.
15:04 of 3rd period - Slapshot by Eric Wellwood.
15:04 of 3rd period - Stopped by Matt Murray with a rebound.
15:06 of 3rd period - Slapshot by Cam Fowler.
15:06 of 3rd period - Stopped by Matt Murray with a rebound.
15:10 of 3rd period - Snap shot by Eric Wellwood.
15:10 of 3rd period - Stopped by Matt Murray without a rebound.
15:11 of 3rd period - Evgeny Kuznetsov wins face-off versus Pavel Datsyuk in Stars zone.
15:36 of 3rd period - Mike Lundin is hit by Andrej Sustr.
16:22 of 3rd period - Snap shot by Cory Emmerton.
16:22 of 3rd period - Shot Blocked by Rob Scuderi.
16:27 of 3rd period - Off-side.
16:28 of 3rd period - Evgeny Kuznetsov wins face-off versus Tyler Seguin in neutral zone.
16:31 of 3rd period - Cam Fowler is hit by Evgeny Kuznetsov and loses puck.
16:40 of 3rd period - Snap shot by Cam Atkinson.
16:40 of 3rd period - Shot Misses the Net.
16:42 of 3rd period - Wrist shot by Evgeny Kuznetsov.
16:42 of 3rd period - Shot Misses the Net.
17:33 of 3rd period - Jussi Jokinen is hit by Cam Fowler and loses puck.
19:12 of 3rd period - Blue Jackets, Rick DiPietro is pulled from the net.
19:18 of 3rd period - Wrist shot by Cody Hodgson.
19:18 of 3rd period - Shot Blocked by Evgeny Grachev.
19:20 of 3rd period - Slapshot by Eric Wellwood.
19:20 of 3rd period - Stopped by Matt Murray with a rebound.
19:22 of 3rd period - Snap shot by Cody Hodgson.
19:22 of 3rd period - Stopped by Matt Murray without a rebound.
19:23 of 3rd period - Bruce Boudreau call a timeout for Blue Jackets.
19:23 of 3rd period - Michael Grabner wins face-off versus Tyler Seguin in Stars zone.
19:48 of 3rd period - Wrist shot by Artemi Panarin.
19:48 of 3rd period - Shot Misses the Net.
19:50 of 3rd period - Snap shot by Tyler Seguin.
19:50 of 3rd period - Deflect By John Tavares.
19:50 of 3rd period - Stopped by Matt Murray without a rebound.
19:51 of 3rd period - John Tavares wins face-off versus Tyler Seguin in Stars zone.
19:51 of 3rd period - John Tavares is hit by Tyler Seguin.
Goals for this period are 0 for Stars vs 0 for Blue Jackets.
Shots for this period are 8 for Stars vs 11 for Blue Jackets.
Output by the SimonT Hockey Simulator (STHS) for Francois Prevost